 Dungeon Crawl Stone Soup version 0.32-a0-673-g3729bd50f8 (webtiles) character file.

Game seed: 12575007677799673789

5 pisaster the Chiller (level 1, 0/13 HPs)
             Began as a Demonspawn Ice Elementalist on Mar 11, 2024.
             Slain by a goblin
             ... wielding a +0 club
              (3 damage)
             ... on level 1 of the Dungeon.
             The game lasted 00:00:49 (156 turns).

pisaster the Chiller (Demonspawn Ice Elementalist)   Turns: 156, Time: 00:00:50

Health: 0/13       AC:  2    Str:  8    XL:     1   Next: 66%
Magic:  3/3        EV: 12    Int: 15    God:
Gold:   19         SH:  0    Dex: 13    Spells: 3/4 levels left

rFire   . . .        c - +0 dagger
rCold   . . .        (no shield)
rNeg    . . .        a - +0 robe
rPois   .            (no helmet)
rElec   .            (no cloak)
rCorr   .            (no gloves)
SInv    .            (no boots)
Will    .....        (no amulet)
Stlth   ++           (no ring)
HPRegen 0.22/turn    (no ring)
MPRegen 0.08/turn

%: no passive effects
@: no status effects
A: no striking features
a: no special abilities


You were on level 1 of the Dungeon.
You visited 1 branch of the dungeon, and saw 1 of its levels.

You collected 19 gold pieces.

Inventory:

Hand Weapons
 c - a +0 dagger (weapon)
Armour
 a - a +0 robe (worn)


   Skills:
 - Level 1.7 Dodging
 * Level 2.2 Stealth
 - Level 2.0 Spellcasting
 + Level 3.7 Ice Magic


You had 3 spell levels left.
You knew the following spells:

 Your Spells              Type           Power      Damage    Failure   Level
a - Freeze                Ice            48%        1d6       4%          1

Your spell library contained the following spells:

 Spells                   Type           Power      Damage    Failure   Level
 Frozen Ramparts          Ice            24%        1d4       14%         3
 Ozocubu's Armour         Ice            12%        N/A       14%         3
 Summon Ice Beast         Ice/Summ       7%         N/A       30%         3


Dungeon Overview and Level Annotations

Branches:
Dungeon (1/15)

Altars:


Message History

Found a dagger.
A dart slug comes into view.
Found 19 gold pieces.
The dart slug launches a dart at you. The slug dart misses you.
The dart slug launches a dart at you. The slug dart misses you.
A bat comes into view.
Found 6 gold pieces.
You freeze the dart slug.
The dart slug is lightly wounded.
The dart slug closely misses you.
You freeze the dart slug.
The dart slug is heavily wounded.
The dart slug launches a dart at you. The slug dart hits you.
You freeze the dart slug.
The dart slug is almost dead.
You hit the dart slug but do no damage.
The dart slug is almost dead.
The dart slug bites you.
You hit the dart slug.
You kill the dart slug!
Your Stealth skill increases to level 2!
You see here a dart slug corpse.
You see here a +0 dagger.
c - a +0 dagger You start resting.
HP restored.
You start resting.
Magic restored.
You now have 19 gold pieces.
A bat comes into view.
A goblin comes into view. It is wielding a +0 club.
The bat barely misses you.
The goblin shouts!
You freeze the bat.
The bat is moderately wounded.
The bat hits you but does no damage. The bat closely misses you.
You can't see any susceptible monsters within range! (Use Z to cast anyway.)
The bat closely misses you.
You freeze the bat.
The bat is severely wounded.
The bat misses you. The bat hits you. The bat closely misses you.
Okay, then.
Unknown command.
c - a +0 dagger (weapon)
The bat closely misses you.
You closely miss the bat.
The bat is severely wounded.
The bat hits you. x2; The bat barely misses you.
The bat hits you but does no damage.
Unknown command.
Unknown command.
Unknown command.
Unknown command.
Unknown command.
Unknown command.
Unknown command.
Unknown command.
Unknown command.
Unknown command.
Unknown command.
Unknown command.
Unknown command.
Unknown command.
Unknown command.
Unknown command.
Unknown command.
Unknown command.
Unknown command.
Unknown command.
Unknown command.
Unknown command.
Unknown command.
Unknown command.
The bat closely misses you. The bat hits you but does no damage.
The bat hits you. The bat hits you but does no damage.
You hit the bat.
You kill the bat!
The bat hits you.
Aiming: Freeze (safe; 4% risk of failure)
Press: ? - help, Q - select action Shift-Dir - straight line, f - goblin
Aim: a goblin, wielding a +0 club You freeze the goblin.
The goblin is moderately wounded.
The bat hits you. The goblin hits you but does no damage.
You hit the goblin.
The goblin is severely wounded.
The bat hits you. The goblin hits you with a +0 club.
You barely miss the goblin.
The goblin is severely wounded.
The bat hits you but does no damage. The goblin hits you with a +0 club.
* * * LOW HITPOINT WARNING * * *
The bat hits you but does no damage.
You don't have enough magic to cast this spell.
Unknown command.
Magic courses through your body. The bat hits you but does no damage.
The goblin hits you with a +0 club.
You die...

#........... ..#.#
#........... #...#
#........... #...#
#........... #...#
#..........# #...#
###..........# #...#
#.......###### #...#
#.......# #...# #.....†@###
. ###.###......gb.#####...
#......................
#####.#########............
....#.........#............
###'#########.#............
#...........#.#.....#......
#.###########.#..$.........
#.......#...#.#.....#......


You could see a goblin and a bat.

Vanquished Creatures
  A dart slug (D:1)
  A bat (D:1)
  A jackal (D:1)
3 creatures vanquished.

Notes
Turn   | Place    | Note
-------+----------+-------------------------------------------
     0 | D:1      | pisaster the Demonspawn Ice Elementalist began the quest
                  | for the Orb.
     0 | D:1      | Reached XP level 1. HP: 13/13 MP: 3/3
   156 | D:1      | Slain by a goblin

Illustrated notes

Levels and vault maps discovered:
D:1:      onia_arrival_mini_maze_b, layout_basic

Skill      XL: |  1 |
---------------+----+-----
Stealth        | 2 |  2.2
Dodging        | |  1.7
Spellcasting   | |  2.0
Ice Magic      | |  3.7

Action                     || total
---------------------------++-------
  Melee: Dagger            ||     4
         Unarmed           ||     2
   Cast: Freeze            ||     7
    Use: Potion            ||     1
 Armour: Robe              ||    20
  Dodge: Dodged            ||    11

Table legend: (Time is in decaauts)
 A = Elapsed time spent in this place.
 B = Non-inter-level travel time spent in this place.
 C = Inter-level travel time spent in this place.
 D = Time resting spent in this place.
 E = Time spent auto-exploring this place.
 F = Levels seen in this place.
 G = Mean time per level.
                   A        B        C        D        E       F      G
               +--------+--------+--------+--------+--------+-----+--------+
         Total |    155 |    155 |      0 |     23 |     89 |   1 |  155.0 |
       Dungeon |    155 |    155 |      0 |     23 |     89 |   1 |  155.0 |
               +--------+--------+--------+--------+--------+-----+--------+

Top non-repeatable levels by time:
     D:1: 155 daAuts

Action                     || total
---------------------------++-------
  Melee: Dagger            ||     4
         Unarmed           ||     2
   Cast: Freeze            ||     7
    Use: Potion            ||     1
 Armour: Robe              ||    20
  Dodge: Dodged            ||    11

Table legend: (Time is in decaauts)
 A = Elapsed time spent in this place.
 B = Non-inter-level travel time spent in this place.
 C = Inter-level travel time spent in this place.
 D = Time resting spent in this place.
 E = Time spent auto-exploring this place.
 F = Levels seen in this place.
 G = Mean time per level.
                   A        B        C        D        E       F      G
               +--------+--------+--------+--------+--------+-----+--------+
         Total |    155 |    155 |      0 |     23 |     89 |   1 |  155.0 |
       Dungeon |    155 |    155 |      0 |     23 |     89 |   1 |  155.0 |
               +--------+--------+--------+--------+--------+-----+--------+

Top non-repeatable levels by time:
     D:1: 155 daAuts
